 Dungeon Crawl Stone Soup version 0.29-a0-234-g0dae59b3db (webtiles) character file.

Game seed: 8361302953354621610

10782 IndexError the Spear-Bearer (level 11, -8/89 HPs)
             Began as a Gnoll Cinder Acolyte on Mar 2, 2022.
             Was a Believer of Ignis.
             Killed by divine providence
             ... invoked by an orc priest
              (12 damage)
             ... on level 2 of the Orcish Mines.
             The game lasted 00:29:05 (14620 turns).

IndexError the Spear-Bearer (Gnoll Cinder Acolyte) Turns: 14620, Time: 00:29:05

Health: -8/89      AC: 13    Str: 13    XL:     11   Next: 67%
Magic:  22/30      EV: 17    Int: 19    God:    Ignis [**....]
Gold:   1044       SH:  5    Dex:  7    Spells: 18/24 levels left

rFire   + . .      SeeInvis .   U - +5 scimitar (vorpal)
rCold   . . .      Faith    .   (no shield)
rNeg    . . .      Spirit   .   A - +0 steam dragon scales
rPois   .          Reflect  +   V - +2 hat
rElec   .          Harm     +   J - +0 cloak
rCorr   .          Rampage  .   t - +2 pair of gloves
Will    .....                   (no boots)
Stlth   +++.......              o - amulet "Manaph" {Reflect Harm SH+5}
HPRegen 0.24/turn               f - ring of magical power {MP+9}
MPRegen 0.22/turn               h - +4 ring of evasion

@: no status effects
A: fangs 1, strong nose, distributed training
a: Renounce Religion, Fiery Armour, Foxfire Swarm


You were on level 2 of the Orcish Mines.
You worshipped Ignis.
Ignis was pleased with you.
You visited 3 branches of the dungeon, and saw 13 of its levels.

You collected 1044 gold pieces.

Inventory:

Hand Weapons
 G - a +2 dagger of electrocution
   (You took it off an orc on level 1 of the Orcish Mines)
 U - a +5 vorpal scimitar (weapon)
   (You took it off Erica on level 8 of the Dungeon)
Missiles
 j - 3 throwing nets {=f, !d}
 x - 3 javelins (quivered)
 O - a curare-tipped dart
Armour
 l - a +2 robe of cold resistance
   (You took it off Fannar on level 10 of the Dungeon)
 r - a +0 chain mail
   (You took it off an orc warrior on level 2 of the Orcish Mines)
 s - a +0 robe
   (You took it off an orc wizard on level 2 of the Orcish Mines)
 t - a +2 pair of gloves (worn)
   (You found it on level 5 of the Dungeon)
 u - a +0 robe
   (You took it off an orc wizard on level 2 of the Orcish Mines)
 z - a +0 leather armour
   (You took it off an orc priest on level 2 of the Orcish Mines)
 A - +0 steam dragon scales (worn)
   (You took it off Maggie on level 6 of the Dungeon)
 J - a +0 cloak (worn)
   (You found it on level 9 of the Dungeon)
 K - a +1 leather armour of willpower
   (You took it off a gnoll shaman on level 7 of the Dungeon)
 V - a +2 hat (worn)
   (You found it on level 1 of the Orcish Mines)
Jewellery
 f - a ring of magical power (left hand) {MP+9}
   (You found it on level 1 of the Dungeon)
 h - a +4 ring of evasion (right hand)
   (You found it on level 8 of the Dungeon)
 m - a ring of see invisible {sInv, !d}
   (You found it on level 3 of the Dungeon)
 n - a ring of ice {rC+, rF-}
   (You took it off Fannar on level 10 of the Dungeon)
 o - the amulet "Manaph" (around neck) {Reflect Harm SH+5}
   (You found it on level 4 of the Dungeon)

   [amulet of reflection]

   It reflects blocked missile attacks.
   SH:        It affects your SH (+5).
   Harm:      It increases damage dealt and taken.
Wands
 a - a wand of charming (5)
   (You found it on level 1 of the Orcish Mines)
 p - a wand of acid (3)
   (You found it on level 4 of the Dungeon)
 y - a wand of digging (6)
   (You found it on level 5 of the Dungeon)
 N - a wand of flame (20)
   (You took it off an orc on level 1 of the Orcish Mines)
Scrolls
 b - a scroll of teleportation
 d - 5 scrolls of identify
 i - a scroll of enchant armour
Potions
 c - 5 potions of curing
 e - a potion of heal wounds
 g - a potion of invisibility
 k - 2 potions of berserk rage {!q}
 q - a potion of might
 v - 2 potions of magic
 w - 2 potions of haste
 D - 3 potions of mutation {!q}
 E - a potion of attraction {!q}
 F - 2 potions of cancellation


   Skills:
 + Level 9.3 Fighting
 + Level 6.5 Short Blades
 + Level 6.5 Long Blades
 + Level 6.5 Axes
 + Level 6.5 Maces & Flails
 + Level 9.3 Polearms
 + Level 6.5 Staves
 + Level 6.5 Slings
 + Level 6.5 Bows
 + Level 6.5 Crossbows
 + Level 6.5 Throwing
 + Level 6.5 Armour
 + Level 6.5 Dodging
 + Level 6.5 Stealth
 + Level 6.5 Shields
 + Level 6.5 Unarmed Combat
 + Level 7.1 Spellcasting
 + Level 5.4 Conjurations
 + Level 5.4 Hexes
 + Level 5.4 Summonings
 + Level 5.4 Necromancy
 + Level 5.4 Translocations
 + Level 5.4 Transmutations
 + Level 7.8 Fire Magic
 + Level 5.4 Ice Magic
 + Level 5.4 Air Magic
 + Level 5.4 Earth Magic
 + Level 5.4 Poison Magic
 + Level 7.1 Invocations
 + Level 6.5 Evocations


You had 18 spell levels left.
You knew the following spells:

 Your Spells              Type           Power      Damage    Failure   Level
a - Foxfire               Conj/Fire      100%       2x1d9     1%          1
b - Scorch                Fire           72%        2d9       1%          2
A - Ozocubu's Armour      Ice            27%        N/A       3%          3

Your spell library contained the following spells:

 Spells                   Type           Power      Damage    Failure   Level
 Magic Dart               Conj           100%       1d8       1%          1
 Call Imp                 Summ           27%        N/A       1%          2
 Gell's Gravitas          Tloc           27%        N/A       3%          3
 Lesser Beckoning         Tloc           27%        N/A       3%          3
 Mephitic Cloud           Conj/Pois/Air  27%        N/A       3%          3
 Portal Projectile        Hex/Tloc       54%        N/A       3%          3
 Summon Guardian Golem    Hex/Summ       27%        N/A       3%          3
 Teleport Other           Tloc           27%        N/A       3%          3
 Hailstorm                Conj/Ice       27%        3d7       11%         4
 Ice Form                 Ice/Tmut       27%        N/A       11%         4
 Blade Hands              Tmut           13%        N/A       30%         5
 Excruciating Wounds      Necr           13%        N/A       30%         5
 Metabolic Englaciation   Hex/Ice        13%        N/A       30%         5
 Simulacrum               Ice/Necr       13%        N/A       86%         6
 Orb of Destruction       Conj           13%        9d7       100%        7
 Spellforged Servitor     Conj/Summ      13%        N/A       100%        7


Dungeon Overview and Level Annotations

Branches:
Dungeon (10/15)            Temple (1/1) D:7             Orc (2/2) D:9
   Lair: D:8-11         Elf: Orc:2

Altars:
Ashenzari
Cheibriados
Dithmenos
Elyvilon
Fedhas
Gozag
Hepliaklqana
Kikubaaqudgha
Makhleb
Nemelex Xobeh
Okawaru
Qazlal
Ru
Sif Muna
Trog
Uskayaw
Vehumet
Wu Jian
Xom
Yredelemnul
Zin
The Shining One

Shops:
D:5 =

Annotations:
D:4 3 runed translucent doors, Bapho's ghost, novice FoFi


Innate Abilities, Weirdness & Mutations

You have very sharp teeth.
Your uncanny sense of smell can sniff out nearby items.
Your experience applies equally to all skills.


Message History

You now have 25/30 mp.
Casting: Foxfire (safe; 1% risk of failure)
Confirm with . or Enter, or press ? or * to list all spells.
You conjure some foxfire!
The foxfire hits the warg.
The foxfire hits the warg!
You now have 24/30 mp.
Casting: Foxfire (safe; 1% risk of failure)
Confirm with . or Enter, or press ? or * to list all spells.
You conjure some foxfire!
The foxfire hits the warg.
Your foxfire is smitten.
Spoiler Alert: The warg (ally target) is fast and can hit for moderate damage in melee!
You now have 23/30 mp.
Casting: Foxfire (safe; 1% risk of failure)
Confirm with . or Enter, or press ? or * to list all spells.
You conjure some foxfire!
The foxfire hits the warg but does no damage.
The foxfire hits the warg.
Spoiler Alert: The warg (ally target) is fast and can hit for moderate damage in melee!
Casting: Foxfire (safe; 1% risk of failure)
Confirm with . or Enter, or press ? or * to list all spells.
You conjure some foxfire!
The foxfire hits the warg. x3
Warning x2: The orc priest can smite you!
The warg (ally target) is fast and can hit for moderate damage in melee!
You now have 22/30 mp.
Casting: Foxfire (safe; 1% risk of failure)
Confirm with . or Enter, or press ? or * to list all spells.
You conjure some foxfire!
The foxfire hits the warg but does no damage. x2
Warning x2: The orc priest can smite you!
The warg (ally target) is fast and can hit for moderate damage in melee!
You now have 21/30 mp.
Casting: Foxfire (safe; 1% risk of failure)
Confirm with . or Enter, or press ? or * to list all spells.
You conjure some foxfire!
The foxfire hits the warg but does no damage.
An orc priest comes into view. It is wielding a +0 trident.
The warg bites you but does no damage.
Danger x4: orc priest x3, warg (ally target)!
You now have 20/30 mp.
Casting: Foxfire (safe; 1% risk of failure)
Confirm with . or Enter, or press ? or * to list all spells.
You conjure some foxfire!
The foxfire hits the warg.
The foxfire hits the warg!
The foxfire hits the warg.
You block the warg's attack.
The orc priest begins to cast a cantrip, but forgets the words!
The orc priest mumbles some strange prayers to Beogh against you.
Beogh smites you!
The orc priest looks satisfied for a moment.
You hear a howl!
You hear a shout!
Danger x4: orc priest x3, warg (ally target)!
You take 10 damage, and have 79/89 hp.
You now have 19/30 mp.
Casting: Foxfire (safe; 1% risk of failure)
Confirm with . or Enter, or press ? or * to list all spells.
You conjure some foxfire!
The foxfire hits the warg.
The foxfire hits the warg but does no damage.
The warg misses you. You block the orc's attack.
An orc high priest comes into view. It is wielding a +0 scimitar.
Danger x5: orc high priest (wandering), orc priest x3, warg (ally target)!
Casting: Foxfire (safe; 1% risk of failure)
Confirm with . or Enter, or press ? or * to list all spells.
You conjure some foxfire!
The orc high priest shouts!
You hear a shout! x2
The foxfire hits the warg.
The foxfire hits the orc.
The orc misses you.
Danger x4: orc high priest, orc priest x3!
You now have 18/30 mp.
Casting: Foxfire (safe; 1% risk of failure)
Confirm with . or Enter, or press ? or * to list all spells.
You don't know that spell.
The foxfire hits the orc. x2
An orc priest comes into view. It is wielding a +0 dagger.
Danger x5: orc high priest, orc priest x3, orc priest (wandering)!
The orc priest calls down the wrath of Beogh upon you.
Beogh smites you!
The orc priest looks braver for a moment.
The orc priest shouts!
You hear a howl!
Danger x5: orc priest x4, orc high priest!
You take 17 damage, and have 62/89 hp.
The orc priest closely misses you.
The orc high priest prays to Beogh.
Danger x4: orc high priest, orc priest x3!
The orc priest calls down the wrath of Beogh upon you.
Beogh smites you!
The orc priest casts a cantrip, but nothing happens.
Danger x5: orc priest x4, orc high priest!
You take 18 damage, and have 45/89 hp.
MASSIVE DAMAGE!!
Warning x3: The orc high priest can smite you!
The orc priest can smite you! x2
Danger x4: orc priest x3, orc high priest!
The orc priest calls down the wrath of Beogh upon you.
Beogh smites you!
Danger x4: orc high priest, orc priest x3!
You take 13 damage, and have 32/89 hp.
Danger x4: orc priest x4!
The orc priest mumbles some strange prayers to Beogh against you.
Beogh smites you!
* * * LOW HITPOINT WARNING * * *
You take 14 damage, and have 18/89 hp.
The orc priest invokes the aid of Beogh against you.
Beogh smites you!
* * * LOW HITPOINT WARNING * * *
Danger x4: orc priest x4!
You take 14 damage, and have 4/89 hp.
A warg comes into view.
The orc priest mumbles some strange prayers to Beogh against you.
Beogh smites you!
You die...

####.........##
##.#.......#...#
##...........#.##
#...........#######
##............#.#.##
#########.................#
.........................##
.........h...............#
.###..######....@........#
#.. #.............# #..
#.............## ..h
#..............# ....
###..............# o8...
......oo.........#


oo.... ###.o............# #..# #o...4........## #..# #............## You could
see a chaos spawn (summoned), a warg (wandering) and 4 orc priests.

Vanquished Creatures
  Fannar (D:10)
  Erica (D:8)
  An orc high priest (Orc:1)
  A deep elf pyromancer (Orc:1)
  A deep elf zephyrmancer (Orc:1)
  An unseen horror (D:10)
  Maggie (D:6)
  4 trolls
  Sigmund (D:2)
  2 vampires
  8 yaks
  6 vampire mosquitoes
  2 wargs (Orc:2)
  2 water moccasins
  A swamp drake (Orc:1)
  5 orc warriors
  6 ogres
  Blork the orc (D:4)
  2 bullfrogs
  A kobold brigand (D:7)
  2 wyvern zombies (D:8)
  2 necrophages
  A scorpion (D:6)
  4 wights
  10 killer bees (D:9)
  2 howler monkeys
  A crimson imp (Orc:1)
  A jelly (D:8)
  A hound (D:4)
  An iron imp (Orc:1)
  3 gnoll shamans
  10 orc priests
  19 orc wizards
  4 iguanas
  A hound zombie (D:4)
  2 mummies (D:8)
  7 adders
  23 gnolls
  2 shadow imps
  2 white imps
  An ufetubus (D:6)
  An adder zombie (D:4)
  2 worms (D:2)
  10 dart slugs
  40 orcs
  7 bats
  5 endoplasms
  3 giant cockroaches
  6 goblins
  5 hobgoblins
  2 jackals (D:4)
  2 quokkas
  7 ball pythons
  A frilled lizard (D:3)
  13 kobolds
  4 rats
255 creatures vanquished.

Vanquished Creatures (others)
  An orc (Orc:1)
  899 foxfires
  A fungus (D:3)
  A plant (D:3)
  A withered plant (D:8)
903 creatures vanquished.

Grand Total: 1158 creatures vanquished

Notes
Turn   | Place    | Note
-------+----------+-------------------------------------------
     0 | D:1      | IndexError the Gnoll Cinder Acolyte began the quest for the
                  | Orb.
     0 | D:1      | Reached XP level 1. HP: 23/23 MP: 4/4
   180 | D:1      | Reached XP level 2. HP: 29/29 MP: 5/5
  1223 | D:1      | Learned a level 2 spell: Scorch
  1246 | D:2      | Reached XP level 3. HP: 35/35 MP: 7/7
  1349 | D:2      | Noticed Sigmund
  1370 | D:2      | Killed Sigmund
  1371 | D:2      | Reached skill level 1 in Short Blades
  1371 | D:2      | Reached skill level 1 in Long Blades
  1371 | D:2      | Reached skill level 1 in Axes
  1371 | D:2      | Reached skill level 1 in Maces & Flails
  1371 | D:2      | Reached skill level 1 in Staves
  1371 | D:2      | Reached skill level 1 in Slings
  1371 | D:2      | Reached skill level 1 in Bows
  1371 | D:2      | Reached skill level 1 in Crossbows
  1371 | D:2      | Reached skill level 1 in Throwing
  1371 | D:2      | Reached skill level 1 in Armour
  1371 | D:2      | Reached skill level 1 in Dodging
  1371 | D:2      | Reached skill level 1 in Stealth
  1371 | D:2      | Reached skill level 1 in Shields
  1371 | D:2      | Reached skill level 1 in Unarmed Combat
  1371 | D:2      | Reached skill level 3 in Spellcasting
  1371 | D:2      | Reached skill level 1 in Conjurations
  1371 | D:2      | Reached skill level 1 in Hexes
  1371 | D:2      | Reached skill level 1 in Summonings
  1371 | D:2      | Reached skill level 1 in Necromancy
  1371 | D:2      | Reached skill level 1 in Translocations
  1371 | D:2      | Reached skill level 1 in Transmutations
  1371 | D:2      | Reached skill level 1 in Ice Magic
  1371 | D:2      | Reached skill level 1 in Air Magic
  1371 | D:2      | Reached skill level 1 in Earth Magic
  1371 | D:2      | Reached skill level 1 in Poison Magic
  1371 | D:2      | Reached skill level 1 in Invocations
  1371 | D:2      | Reached skill level 1 in Evocations
  1371 | D:2      | Reached XP level 4. HP: 17/41 MP: 8/8
  1371 | D:2      | Reached XP level 5. HP: 20/47 MP: 8/9
  1624 | D:2      | Found an ornate altar of the Wu Jian Council.
  2348 | D:3      | Reached XP level 6. HP: 53/53 MP: 10/10
  2351 | D:3      | Reached skill level 2 in Invocations
  2870 | D:3      | Reached skill level 2 in Short Blades
  2870 | D:3      | Reached skill level 2 in Long Blades
  2870 | D:3      | Reached skill level 2 in Axes
  2870 | D:3      | Reached skill level 2 in Maces & Flails
  2870 | D:3      | Reached skill level 2 in Staves
  2870 | D:3      | Reached skill level 2 in Slings
  2870 | D:3      | Reached skill level 2 in Bows
  2870 | D:3      | Reached skill level 2 in Crossbows
  2870 | D:3      | Reached skill level 2 in Throwing
  2870 | D:3      | Reached skill level 2 in Armour
  2870 | D:3      | Reached skill level 2 in Dodging
  2870 | D:3      | Reached skill level 2 in Stealth
  2870 | D:3      | Reached skill level 2 in Shields
  2870 | D:3      | Reached skill level 2 in Unarmed Combat
  2870 | D:3      | Reached skill level 2 in Evocations
  2979 | D:3      | Found a faded altar of an unknown god.
  2995 | D:3      | Got Plato's Disquisition on Conjuration
  3136 | D:3      | Learned a level 1 spell: Foxfire
  3544 | D:4      | Identified the amulet "Manaph" {Reflect Harm SH+5}
  3655 | D:4      | Found a runed translucent gate.
  3655 | D:4      | Found a runed translucent gate.
  3655 | D:4      | Found a runed translucent gate.
  3655 | D:4      | Noticed Bapho's ghost (novice FoFi)
  3657 | D:4      | Found a basalt altar of Yredelemnul.
  3865 | D:4      | Reached XP level 7. HP: 59/59 MP: 12/12
  3935 | D:4      | Reached skill level 7 in Fighting
  3935 | D:4      | Reached skill level 7 in Polearms
  3965 | D:4      | Reached skill level 2 in Conjurations
  3965 | D:4      | Reached skill level 2 in Hexes
  3965 | D:4      | Reached skill level 2 in Summonings
  3965 | D:4      | Reached skill level 2 in Necromancy
  3965 | D:4      | Reached skill level 2 in Translocations
  3965 | D:4      | Reached skill level 2 in Transmutations
  3965 | D:4      | Reached skill level 2 in Ice Magic
  3965 | D:4      | Reached skill level 2 in Air Magic
  3965 | D:4      | Reached skill level 2 in Earth Magic
  3965 | D:4      | Reached skill level 2 in Poison Magic
  4025 | D:4      | Noticed Blork the orc
  4032 | D:4      | Killed Blork the orc
  4033 | D:4      | Reached skill level 3 in Invocations
  4035 | D:4      | Reached skill level 4 in Spellcasting
  4228 | D:4      | Identified the +5 dagger of Cheese {antimagic, rC- Will-
                  | Int+3 Dex+8}
  4463 | D:5      | Entered Level 5 of the Dungeon
  4606 | D:5      | Reached skill level 6 in Fire Magic
  4606 | D:5      | Reached XP level 8. HP: 61/67 MP: 14/14
  4666 | D:5      | Reached skill level 3 in Short Blades
  4666 | D:5      | Reached skill level 3 in Long Blades
  4666 | D:5      | Reached skill level 3 in Axes
  4666 | D:5      | Reached skill level 3 in Maces & Flails
  4666 | D:5      | Reached skill level 3 in Staves
  4666 | D:5      | Reached skill level 3 in Slings
  4666 | D:5      | Reached skill level 3 in Bows
  4666 | D:5      | Reached skill level 3 in Crossbows
  4666 | D:5      | Reached skill level 3 in Throwing
  4666 | D:5      | Reached skill level 3 in Armour
  4666 | D:5      | Reached skill level 3 in Dodging
  4666 | D:5      | Reached skill level 3 in Stealth
  4666 | D:5      | Reached skill level 3 in Shields
  4666 | D:5      | Reached skill level 3 in Unarmed Combat
  4666 | D:5      | Reached skill level 3 in Evocations
  5674 | D:5      | Found Ablyrih's Jewellery Emporium.
  5944 | D:6      | Noticed Maggie
  5950 | D:6      | Killed Maggie
  5951 | D:6      | Reached skill level 4 in Invocations
  6142 | D:6      | Reached skill level 3 in Conjurations
  6142 | D:6      | Reached skill level 3 in Hexes
  6142 | D:6      | Reached skill level 3 in Summonings
  6142 | D:6      | Reached skill level 3 in Necromancy
  6142 | D:6      | Reached skill level 3 in Translocations
  6142 | D:6      | Reached skill level 3 in Transmutations
  6142 | D:6      | Reached skill level 3 in Ice Magic
  6142 | D:6      | Reached skill level 3 in Air Magic
  6142 | D:6      | Reached skill level 3 in Earth Magic
  6142 | D:6      | Reached skill level 3 in Poison Magic
  6288 | D:6      | Reached XP level 9. HP: 66/72 MP: 16/16
  7083 | D:7      | Found a staircase to the Ecumenical Temple.
  7165 | Temple   | Entered the Ecumenical Temple
  7580 | D:7      | Reached skill level 4 in Short Blades
  7580 | D:7      | Reached skill level 4 in Long Blades
  7580 | D:7      | Reached skill level 4 in Axes
  7580 | D:7      | Reached skill level 4 in Maces & Flails
  7580 | D:7      | Reached skill level 4 in Staves
  7580 | D:7      | Reached skill level 4 in Slings
  7580 | D:7      | Reached skill level 4 in Bows
  7580 | D:7      | Reached skill level 4 in Crossbows
  7580 | D:7      | Reached skill level 4 in Throwing
  7580 | D:7      | Reached skill level 4 in Armour
  7580 | D:7      | Reached skill level 4 in Dodging
  7580 | D:7      | Reached skill level 4 in Stealth
  7580 | D:7      | Reached skill level 4 in Shields
  7580 | D:7      | Reached skill level 4 in Unarmed Combat
  7580 | D:7      | Reached skill level 4 in Evocations
  8106 | D:7      | Reached skill level 5 in Spellcasting
  9082 | D:8      | Noticed Erica
  9088 | D:8      | Killed Erica
  9089 | D:8      | Reached skill level 8 in Fighting
  9089 | D:8      | Reached skill level 8 in Polearms
  9089 | D:8      | Reached skill level 5 in Invocations
  9574 | D:9      | Reached XP level 10. HP: 76/80 MP: 9/18
  9577 | D:9      | Reached skill level 4 in Conjurations
  9577 | D:9      | Reached skill level 4 in Hexes
  9577 | D:9      | Reached skill level 4 in Summonings
  9577 | D:9      | Reached skill level 4 in Necromancy
  9577 | D:9      | Reached skill level 4 in Translocations
  9577 | D:9      | Reached skill level 4 in Transmutations
  9577 | D:9      | Reached skill level 4 in Ice Magic
  9577 | D:9      | Reached skill level 4 in Air Magic
  9577 | D:9      | Reached skill level 4 in Earth Magic
  9577 | D:9      | Reached skill level 4 in Poison Magic
  9917 | D:9      | Learned a level 3 spell: Ozocubu's Armour
  9945 | D:9      | Reached skill level 5 in Short Blades
  9945 | D:9      | Reached skill level 5 in Long Blades
  9945 | D:9      | Reached skill level 5 in Axes
  9945 | D:9      | Reached skill level 5 in Maces & Flails
  9945 | D:9      | Reached skill level 5 in Staves
  9945 | D:9      | Reached skill level 5 in Slings
  9945 | D:9      | Reached skill level 5 in Bows
  9945 | D:9      | Reached skill level 5 in Crossbows
  9945 | D:9      | Reached skill level 5 in Throwing
  9945 | D:9      | Reached skill level 5 in Armour
  9945 | D:9      | Reached skill level 5 in Dodging
  9945 | D:9      | Reached skill level 5 in Stealth
  9945 | D:9      | Reached skill level 5 in Shields
  9945 | D:9      | Reached skill level 5 in Unarmed Combat
  9945 | D:9      | Reached skill level 5 in Evocations
  9989 | D:9      | Identified the +1 quarterstaff "Umnuav Dohe" {speed,
                  | Fragile Int+2 Dex+3}
 10233 | D:9      | Reached skill level 7 in Fire Magic
 10517 | D:9      | Found a staircase to the Orcish Mines.
 10659 | D:10     | Entered Level 10 of the Dungeon
 10679 | D:9      | Reached skill level 6 in Spellcasting
 10942 | D:10     | Found a flagged portal.
 11295 | D:10     | Reached skill level 6 in Invocations
 11353 | D:10     | Noticed a fire dragon
 11535 | D:10     | Noticed Fannar
 11544 | D:10     | HP: 15/82 [Fannar/refrigeration (16)]
 11546 | D:10     | Killed Fannar
 11547 | D:10     | Reached XP level 11. HP: 16/87 MP: 8/20
 12091 | D:10     | Reached skill level 9 in Fighting
 12091 | D:10     | Reached skill level 6 in Short Blades
 12091 | D:10     | Reached skill level 6 in Long Blades
 12091 | D:10     | Reached skill level 6 in Axes
 12091 | D:10     | Reached skill level 6 in Maces & Flails
 12091 | D:10     | Reached skill level 9 in Polearms
 12091 | D:10     | Reached skill level 6 in Staves
 12091 | D:10     | Reached skill level 6 in Slings
 12091 | D:10     | Reached skill level 6 in Bows
 12091 | D:10     | Reached skill level 6 in Crossbows
 12091 | D:10     | Reached skill level 6 in Throwing
 12091 | D:10     | Reached skill level 6 in Armour
 12091 | D:10     | Reached skill level 6 in Dodging
 12091 | D:10     | Reached skill level 6 in Stealth
 12091 | D:10     | Reached skill level 6 in Shields
 12091 | D:10     | Reached skill level 6 in Unarmed Combat
 12091 | D:10     | Reached skill level 6 in Evocations
 12382 | Orc:1    | Entered Level 1 of the Orcish Mines
 12411 | Orc:1    | Reached skill level 5 in Conjurations
 12411 | Orc:1    | Reached skill level 5 in Hexes
 12411 | Orc:1    | Reached skill level 5 in Summonings
 12411 | Orc:1    | Reached skill level 5 in Necromancy
 12411 | Orc:1    | Reached skill level 5 in Translocations
 12411 | Orc:1    | Reached skill level 5 in Transmutations
 12411 | Orc:1    | Reached skill level 5 in Ice Magic
 12411 | Orc:1    | Reached skill level 5 in Air Magic
 12411 | Orc:1    | Reached skill level 5 in Earth Magic
 12411 | Orc:1    | Reached skill level 5 in Poison Magic
 12458 | Orc:1    | Noticed an orc high priest
 12464 | Orc:1    | Killed an orc high priest
 12707 | Orc:1    | Noticed a moth of wrath
 12710 | Orc:1    | Noticed a moth of wrath
 13331 | Orc:1    | Noticed a deep elf pyromancer
 13346 | Orc:1    | Killed a deep elf pyromancer
 13559 | Orc:1    | Noticed a deep elf zephyrmancer
 13562 | Orc:1    | Killed a deep elf zephyrmancer
 13563 | Orc:1    | Reached skill level 7 in Spellcasting
 13563 | Orc:1    | Reached skill level 7 in Invocations
 13804 | Orc:1    | Noticed a stone giant
 13807 | Orc:1    | Found a bloodstained altar of Trog.
 13807 | Orc:1    | Found the necklace of Bloodlust {*Rage Will++ Int-3 Slay+6}
 13807 | Orc:1    | Found the +7 sceptre of Torment {pain, torment}
 13855 | Orc:2    | Entered Level 2 of the Orcish Mines
 13864 | Orc:2    | HP: 20/89 [troll (10)]
 14601 | Orc:2    | Noticed an orc high priest
 14617 | Orc:2    | HP: 18/89 [orc priest/divine providence (15)]
 14619 | Orc:2    | HP: 4/89 [orc priest/divine providence (14)]
 14620 | Orc:2    | Killed from afar by an orc priest

Illustrated notes

Levels and vault maps discovered:
D:1:      evilmike_arrival_grusome_pit, layout_basic
D:2:      layout_rooms, basic_altar, uniq_sigmund
D:3:      kennysheep_slugbush, layout_rooms,
          shapermc_ecumenical_altar_rom_forum, dk_noncrumbling_4,
          nrook_loot_triangle, minmay_between
D:4:      layout_rooms, nicolae_yredelemnul_ghost_church,
          hangedman_decor_clover_reticule, kennysheep_another_room,
          serial_park_tiny_2, kennysheep_generic_room_12, uniq_blork_the_orc
D:5:      layout_basic, serial_shops, shop
D:6:      layout_basic, uniq_maggie
D:7:      layout_basic, minmay_temple_entry_overgrown, st_stairs_7,
          dk_noncrumbling_2, minmay_holes
D:8:      layout_rooms, serial_undead, serial_undead_a, serial_undead_d,
          serial_undead_e, serial_undead_b, uniq_erica
D:9:      nicolae_cairo_tiling, layout_rooms, orc_0_dummy
D:10:     layout_cave_pools, minmay_lair_entry_lava,
          ploomutoo_gammafunk_ghost_potion_laboratory, enter_bailey_2,
          corner_web_ring, uniq_fannar
Temple:   compressed_dpeg_circular_temple
Orc:1:    emtedronai_trogs_sanctum, layout_caves, hangedman_minor_magic
Orc:2:    st_orc_town, layout_diamond_mine, chequers_guarded_unrand_ignorance

Skill      XL: |  1  2  3  4  5  6  7  8  9 10 11 |
---------------+----------------------------------+-----
Short Blades   | 1 2 3 4 5 6 |  6.5
Long Blades    | 1 2 3 4 5 6 |  6.5
Axes           | 1 2 3 4 5 6 |  6.5
Maces & Flails | 1 2 3 4 5 6 |  6.5
Staves         | 1 2 3 4 5 6 |  6.5
Slings         | 1 2 3 4 5 6 |  6.5
Bows           | 1 2 3 4 5 6 |  6.5
Crossbows      | 1 2 3 4 5 6 |  6.5
Throwing       | 1 2 3 4 5 6 |  6.5
Armour         | 1 2 3 4 5 6 |  6.5
Dodging        | 1 2 3 4 5 6 |  6.5
Stealth        | 1 2 3 4 5 6 |  6.5
Shields        | 1 2 3 4 5 6 |  6.5
Unarmed Combat | 1 2 3 4 5 6 |  6.5
Spellcasting   | 3 4 5 6 7 |  7.1
Conjurations   | 1 2 3 4 5 |  5.4
Hexes          | 1 2 3 4 5 |  5.4
Summonings     | 1 2 3 4 5 |  5.4
Necromancy     | 1 2 3 4 5 |  5.4
Translocations | 1 2 3 4 5 |  5.4
Transmutations | 1 2 3 4 5 |  5.4
Ice Magic      | 1 2 3 4 5 |  5.4
Air Magic      | 1 2 3 4 5 |  5.4
Earth Magic    | 1 2 3 4 5 |  5.4
Poison Magic   | 1 2 3 4 5 |  5.4
Invocations    | 1 2 3 4 5 6 7 |  7.1
Evocations     | 1 2 3 4 5 6 |  6.5
Fighting       | 7 8 9 |  9.3
Polearms       | 7 8 9 |  9.3
Fire Magic     | 6 7 |  7.8

Action                   |  1- 3 |  4- 6 |  7- 9 | 10-12 || total
-------------------------+-------+-------+-------+-------++-------
Melee: Spear             |    80 |    42 |       |       ||   122
       Bite              |     4 |     2 |       |     1 ||     7
       Scimitar          |       |       |       |    18 ||    18
 Cast: Scorch            |     8 |    36 |    61 |    86 ||   191
       Foxfire           |       |    44 |   219 |   261 ||   524
Invok: Fiery Armour      |       |     1 |       |     4 ||     5
       Foxfire Swarm     |       |       |       |     2 ||     2
       Rising Flame      |       |       |       |     1 ||     1
  Use: Scroll            |       |       |       |    19 ||    19
 Stab: Sleeping          |       |     3 |       |       ||     3
Armor: Robe              |    22 |       |       |       ||    22
       Leather armour    |       |     9 |     1 |       ||    10
       Steam dragon scal |       |       |    11 |    37 ||    48
Dodge: Dodged            |    37 |    21 |    25 |    84 ||   167
Block: Other             |       |     1 |     6 |    45 ||    52
       Reflection        |       |       |     2 |       ||     2

Table legend: (Time is in decaauts)
 A = Elapsed time spent in this place.
 B = Non-inter-level travel time spent in this place.
 C = Inter-level travel time spent in this place.
 D = Time resting spent in this place.
 E = Time spent auto-exploring this place.
 F = Levels seen in this place.
 G = Mean time per level.
                   A        B        C        D        E       F      G
               +--------+--------+--------+--------+--------+-----+--------+
         Total |  14647 |  13321 |   1326 |     20 |  10995 |  13 | 1126.7 |
       Dungeon |  12419 |  11217 |   1202 |     20 |   9420 |  10 | 1241.9 |
        Temple |     82 |     74 |      8 |      0 |     55 |   1 |   82.0 |
  Orcish Mines |   2145 |   2030 |    115 |      0 |   1520 |   2 | 1072.5 |
               +--------+--------+--------+--------+--------+-----+--------+

Top non-repeatable levels by time:
     D:9: 2541 daAuts
   Orc:1: 1718 daAuts
     D:7: 1646 daAuts
     D:5: 1265 daAuts
     D:4: 1239 daAuts
     D:3: 1199 daAuts
     D:8: 1160 daAuts
     D:1: 1084 daAuts
     D:6: 1074 daAuts
     D:2: 1001 daAuts
   Orc:2: 427 daAuts
    D:10: 205 daAuts
  Temple: 82 daAuts

Table legend:
 A = Kills in this place as a percentage of kills in entire the game.
 B = Kills by you in this place as a percentage of kills by you in the entire game.
 C = Kills by friends in this place as a percentage of kills by friends in the entire game.
 D = Other kills in this place as a percentage of other kills in the entire game.
 E = Experience gained in this place as a percentage of experience gained in the entire game.
 F = Experience gained in this place divided by the number of levels of this place that you have seen.
                   A       B       C       D       E      F
               +-------+-------+-------+-------+-------+----------------------
         Total | 100.0 | 100.0 |   N/A |   N/A | 100.0 | 1184.8
       Dungeon |  81.2 |  81.2 |   N/A |   N/A |  67.1 | 1034.2
  Orcish Mines |  18.8 |  18.8 |   N/A |   N/A |  32.9 | 2530.5
               +-------+-------+-------+-------+-------+----------------------
